 Dungeon Sprint DCSS version 0.27.1-34-g3ba077fa99 (webtiles) character file.

Game seed: 15216633087359926617

1365 Arum the Protected (level 8, 0/75 HPs)
             Began as a Formicid Fighter on Jan 16, 2022.
             Was an Initiate of Gozag.
             Shot with an arrow by a centaur warrior (22 damage)
             ... in the Dungeon (Sprint IX: "|||||||||||||||||||||||||||||").
             The game lasted 00:01:58 (568 turns).

Arum the Protected (Formicid Fighter)                Turns: 568, Time: 00:01:59

Health: 0/75       AC: 12    Str: 24    XL:     8   Next: 97%
Magic:  8/8        EV: 12    Int:  7    God:    Gozag
Gold:   396        SH: 11    Dex: 10    Spells: 7/7 levels left

rFire    . . .     SeeInvis +   k - +4 quarterstaff (speed)
rCold    . . .     Faith    .   c - +0 kite shield
rNeg     . . .     Spirit   .   m - +2 ring mail
rPois    .         Reflect  .   (helmet unavailable)
rElec    .         Harm     .   l - +0 cloak
rCorr    .         Rampage  .   a - +0 pair of gloves
Will     .....                  (no boots)
Stlth    ..........             (no amulet)
HPRegen  0.22/turn              b - +2 ring of evasion
MPRegen  0.11/turn              (no ring)

@: gold aura
A: permanent stasis, dig shafts and tunnels, antennae 3, four strong arms
a: Dig, Renounce Religion, Potion Petition, Call Merchant, Bribe Branch


You were in the Dungeon.
You worshipped Gozag.
Gozag was aware of your devotion.
You visited 1 branch You collected 396 gold pieces.

Inventory:

Hand Weapons
 k - a +4 quarterstaff of speed (weapon)
Armour
 a - a +0 pair of gloves (worn)
 c - a +0 kite shield (worn)
 l - a +0 cloak (worn)
 m - a +2 ring mail (worn)
Jewellery
 b - a +2 ring of evasion (left hand)
Wands
 j - a wand of iceblast (6)
Scrolls
 i - 2 scrolls of amnesia
Potions
 d - a potion of might
 f - a potion of heal wounds
 g - 4 potions of magic
 h - 4 potions of curing


   Skills:
 + Level 11.3 Fighting
 + Level 10.4 Staves
 + Level 11.3 Armour
 - Level 9.0 Shields


You had 7 spell levels left.
You didn't know any spells.
Your spell library was empty.

Dungeon Overview and Level Annotations

Branches:
Dungeon (1/1)

Altars:
Cheibriados
Dithmenos
Elyvilon
Fedhas
Gozag
Hepliaklqana
Kikubaaqudgha
Makhleb
Nemelex Xobeh
Okawaru
Qazlal
Ru
Sif Muna
Trog
Uskayaw
Vehumet
Wu Jian
Xom
Yredelemnul
Zin
The Shining One
Beogh
Jiyva
Lugonu


Innate Abilities, Weirdness & Mutations

You cannot be hasted, slowed, berserked, paralysed or teleported.
You can dig through walls and to a lower floor.
You have a pair of large antennae on your head. (SInv)
Your four strong arms can wield two-handed weapons with a shield.


Message History

You hit the cyclops.
The cyclops is moderately wounded.
You hit the cyclops.
The cyclops is moderately wounded.
The cyclops hits you.
You sock the cyclops!
The cyclops is heavily wounded.
You hit the cyclops.
The cyclops is heavily wounded.
The cyclops hits you but does no damage.
You sock the cyclops!
The cyclops is severely wounded.
You hit the cyclops.
The cyclops is severely wounded.
The cyclops hits you but does no damage.
You hit the cyclops.
The cyclops is severely wounded.
You sock the cyclops!
You kill the cyclops!
You block the unseen horror's attack.
The centaur warrior wields a +0 shortbow.
The centaur warrior shoots an arrow.
The arrow hits the unseen horror!!
Your Fighting skill increases to level 11!
Your Staves skill increases to level 10!
Your Armour skill increases to level 11!
You completely miss the unseen horror.
The unseen horror is severely wounded.
The unseen horror hits you!
The vampire mosquito is distracted by your dazzling golden aura.
You closely miss the unseen horror.
The unseen horror is severely wounded.
The unseen horror completely misses you.
The centaur warrior shoots an arrow.
The arrow hits the unseen horror!
The unseen horror dies!
The vampire mosquito is no longer distracted by gold.
The centaur warrior shoots an arrow.
The arrow hits you!
* * * LOW HITPOINT WARNING * * *
The centaur warrior shoots an arrow.
The arrow hits you!!
You die...
Your body crumbles into a pile of gold. $$$$ $ $ $ $$$$$ { {{{{{{{{ $ ▓▓▓▓▓▓▓▓▓▓▓▓▓▓▓▓▓▓▓▓▓▓▓▓ .?))..[.=)))....@$cycl.+ ▓▓▓▓▓▓▓▓▓▓▓▓▓▓▓▓▓▓▓▓▓▓▓▓

You could see 2 centaur warriors, a basilisk and a vampire mosquito.

Vanquished Creatures
  A cyclops (D)
  2 gargoyles (D)
  A vampire mosquito (D)
  A centaur (D)
  A gnoll sergeant (D)
  A scorpion (D)
  A hound (D)
  An orc priest (D)
  An adder skeleton (D)
  A dart slug (D)
  A bat zombie (D)
  2 quokkas (D)
  A ball python (D)
  A ball python zombie (D)
  A kobold (D)
17 creatures vanquished.

Vanquished Creatures (others)
  An unseen horror (D)
1 creature vanquished.

Grand Total: 18 creatures vanquished

Notes
Turn   | Place    | Note
-------+----------+-------------------------------------------
     0 | D        | Arum the Formicid Fighter began the quest for the Orb.
     0 | D        | Reached XP level 1. HP: 18/18 MP: 1/1
    17 | D        | Reached XP level 2. HP: 24/25 MP: 2/2
    34 | D        | Noticed a scorpion
    42 | D        | Killed a scorpion
    43 | D        | Reached skill level 5 in Fighting
    43 | D        | Reached skill level 5 in Armour
    43 | D        | Reached skill level 5 in Shields
    43 | D        | Reached XP level 3. HP: 22/33 MP: 3/3
    43 | D        | Reached XP level 4. HP: 26/39 MP: 4/4
    48 | D        | Reached XP level 5. HP: 26/46 MP: 5/5
   278 | D        | Found a snail-covered altar of Cheibriados.
   278 | D        | Found a shadowy altar of Dithmenos.
   278 | D        | Found a white marble altar of Elyvilon.
   278 | D        | Found a blossoming altar of Fedhas.
   278 | D        | Found an opulent altar of Gozag.
   279 | D        | Found a hazy altar of Hepliaklqana.
   280 | D        | Found a viscous altar of Jiyva.
   281 | D        | Found an ancient bone altar of Kikubaaqudgha.
   282 | D        | Found a corrupted altar of Lugonu.
   283 | D        | Found a burning altar of Makhleb.
   284 | D        | Found a sparkling altar of Nemelex Xobeh.
   285 | D        | Found an iron altar of Okawaru.
   286 | D        | Became a worshipper of Gozag Ym Sagoz the Greedy
   287 | D        | Found a stormy altar of Qazlal.
   288 | D        | Found a sacrificial altar of Ru.
   289 | D        | Found a shimmering blue altar of Sif Muna.
   290 | D        | Found a bloodstained altar of Trog.
   291 | D        | Found a hide-covered altar of Uskayaw.
   292 | D        | Found a radiant altar of Vehumet.
   293 | D        | Found an ornate altar of the Wu Jian Council.
   294 | D        | Found a shimmering altar of Xom.
   295 | D        | Found a basalt altar of Yredelemnul.
   296 | D        | Found a glowing silver altar of Zin.
   297 | D        | Found a glowing golden altar of the Shining One.
   356 | D        | Noticed a centaur
   356 | D        | Noticed a gargoyle
   356 | D        | Noticed a gargoyle
   356 | D        | Noticed a vampire mosquito
   359 | D        | Killed a centaur
   360 | D        | Reached XP level 6. HP: 47/55 MP: 6/6
   372 | D        | Killed a gargoyle
   373 | D        | Reached XP level 7. HP: 39/64 MP: 7/7
   391 | D        | Killed a gargoyle
   392 | D        | Reached skill level 10 in Fighting
   392 | D        | Reached skill level 10 in Armour
   392 | D        | Reached XP level 8. HP: 38/72 MP: 8/8
   552 | D        | Noticed a cyclops
   552 | D        | Noticed an unseen horror
   552 | D        | Noticed a centaur warrior
   552 | D        | Noticed a centaur warrior
   552 | D        | Noticed a basilisk
   565 | D        | Killed a cyclops
   566 | D        | Reached skill level 10 in Staves
   567 | D        | Killed an unseen horror
   568 | D        | Shot with an arrow by a centaur warrior

Illustrated notes

Levels and vault maps discovered:
D:        linesprint [early_d, line_temple, items_1, d_10, items_2, lair_1,
          lair_end, items_3, orc_1, orc_end, items_4, d_15, swamp_1, shoals_1,
          snake_1, spider_1, d_20, vaults_1, items_5, swamp_end, shoals_end,
          snake_end, spider_end, vaults_end, d_27, items_6, zot_1, zot_end,
          crypt_end, forest_end, elf_end, slime_end, tomb_end, abyss_end,
          pan_hell_end]

Skill      XL: |  1  2  3  4  5  6  7  8 |
---------------+-------------------------+-----
Shields        | 4 5 6 8 9 |  9.0
Fighting       | 5 7 9 10 11 | 11.3
Staves         | 4 6 8 9 10 | 10.4
Armour         | 5 7 9 10 11 | 11.3

Action                   |  1- 3 |  4- 6 |  7- 9 || total
-------------------------+-------+-------+-------++-------
Melee: Quarterstaff      |    18 |    26 |    40 ||    84
Evoke: Wand              |       |     4 |       ||     4
  Use: Potion            |     2 |     1 |     1 ||     4
 Stab: Invisible         |       |     1 |     4 ||     5
Armor: Scale mail        |     7 |     5 |       ||    12
       Ring mail         |       |     1 |     3 ||     4
Dodge: Dodged            |     2 |    12 |     6 ||    20
Block: Kite shield       |     8 |    11 |     4 ||    23
